 Dungeon Sprint DCSS version 0.23.2-1-ga50397a (webtiles) character file.

Game seed: 3832673465857253954

74846 wilfster70 the Slayer (level 15, -3/161 HPs)
             Began as a Minotaur Monk on May 30, 2019.
             Was the Champion of Cheibriados.
             Killed from afar by an Ice Fiend (21 damage)
             ... with a bolt of cold
             ... summoned by Dispater
             ... in the Dungeon (Sprint V: "Ziggurat Sprint").
             The game lasted 00:14:06 (1806 turns).

wilfster70 the Slayer (Minotaur Monk)               Turns: 1806, Time: 00:14:06

Health: -3/161     AC: 35    Str: 32    XL:     15   Next: 8%
Magic:  32/35      EV: 15    Int: 33    God:    Cheibriados [******]
Gold:   0          SH: 35    Dex: 31    Spells: 26/31 levels left

rFire    + + .     SeeInvis +   a - +13 lance "Wyrmbane" {slay drac, rPois rF+ rC+ AC+3}
rCold    + + .     Gourm    .   b - +18 shield of the Gong {rElec rN+ MR+ EV-5}
rNeg     + . .     Faith    .   w - +9 gold dragon scales
rPois    +         Spirit   .   (helmet restricted)
rElec    +         Reflect  .   J - +2 cloak {rPois}
rCorr    .         Harm     .   (no gloves)
MR       +++++     NoTele   +   (no boots)
Stlth    ..........             D - amulet "Adaomn" {RegenMP -Tele MR+ SInv Stlth+}
HPRegen  0.36/turn              C - ring "Uceig" {+Blink MP+9 Int+3 Dex+3 Stlth+}
MPRegen  0.49/turn              F - ring of the Mage {Wiz MR++ Int+3}

@: flayed, very slow
A: retaliatory headbutt, horns 2
a: Bend Time, Temporal Distortion, Slouch, Step From Time, Renounce Religion,
Evoke Blink


You were in the Dungeon.
You worshipped Cheibriados.
Cheibriados was exalted by your worship.
You were not hungry.

You visited 1 branch

Inventory:

Hand Weapons
 a - the +13 lance "Wyrmbane" (weapon) {slay drac, rPois rF+ rC+ AC+3}
   (You found it in the Dungeon)

   It affects your AC (+3).
   It protects you from fire.
   It protects you from cold.
   It protects you from poison.
Armour
 b - the +18 shield of the Gong (worn) {rElec rN+ MR+ EV-5}
   (You found it in the Dungeon)

   It affects your evasion (-5).
   It insulates you from electricity.
   It protects you from negative energy.
   It affects your resistance to hostile enchantments.
 w - +9 gold dragon scales (worn)
 J - a +2 cloak of poison resistance (worn)
Jewellery
 A - a +5 ring of strength
 B - the ring of the Heavens {rElec MP+9}
   (You found it in the Dungeon)

   [ring of magical power]

   It insulates you from electricity.
   It affects your magic capacity (+9).
 C - the ring "Uceig" (left hand) {+Blink MP+9 Int+3 Dex+3 Stlth+}
   (You found it in the Dungeon)

   [ring of magical power]

   It affects your intelligence (+3).
   It affects your dexterity (+3).
   It affects your magic capacity (+9).
   It lets you blink.
   It makes you more stealthy.
 D - the amulet "Adaomn" (around neck) {RegenMP -Tele MR+ SInv Stlth+}
   (You found it in the Dungeon)

   [amulet of magic regeneration]

   It increases your magic regeneration.
   It affects your resistance to hostile enchantments.
   It lets you see invisible.
   It prevents most forms of teleportation.
   It makes you more stealthy.
 F - the ring of the Mage (right hand) {Wiz MR++ Int+3}
   (You found it in the Dungeon)

   [ring of wizardry]

   It improves your spell success rate.
   It affects your intelligence (+3).
   It affects your resistance to hostile enchantments.
 H - the cursed ring "Wesosur" {rC++ Str-4 Int-2 Dex+3 Slay+3}
   (You found it in the Dungeon)

   [ring of intelligence]

   It affects your strength (-4).
   It affects your intelligence (-2).
   It affects your dexterity (+3).
   It affects your accuracy and damage with ranged weapons and melee attacks
   (+3).
   It greatly protects you from cold.
   It has a curse placed upon it.
 I - an uncursed ring of protection from cold
Wands
 t - a wand of disintegration (7)
 u - a wand of iceblast (7)
 v - a wand of acid (7)
Scrolls
 f - 4 scrolls of amnesia
 h - 7 scrolls of fog
 i - 4 scrolls of blinking
 j - a scroll of holy word
 k - 5 scrolls of identify
 l - 5 scrolls of remove curse
 m - 2 scrolls of fear
Potions
 d - 10 potions of curing
 e - 6 potions of heal wounds
 g - 7 potions of magic
 n - 2 potions of brilliance
 o - 2 potions of invisibility
 p - 4 potions of resistance
 r - 8 potions of agility
 s - 4 potions of might
Miscellaneous
 q - a phial of floods
 x - a lamp of fire
 y - 2 phantom mirrors
 E - 4 boxes of beasts
 G - a sack of spiders
Comestibles
 c - 7 rations
 z - 2 chunks of flesh


   Skills:
 + Level 22.3 Fighting
 - Level 12.3 Polearms
 - Level 15.0 Armour
 - Level 15.1 Dodging
 - Level 1.5 Stealth
 - Level 15.0 Shields
 + Level 8.8 Spellcasting
 + Level 8.8 Necromancy
 + Level 9.6 Earth Magic
 - Level 9.1 Invocations
 + Level 17.8 Evocations


You had 26 spell levels left.
You knew the following spells:

 Your Spells              Type           Power        Failure   Level  Hunger
a - Borgnjor's Vile Clut  Necr/Erth      ######....   11%         5    ###....

Your spell library contained the following spells:

 Spells                   Type           Power        Failure   Level  Hunger
 Animate Skeleton         Necr           N/A          1%          1    None
 Sandblast                Erth           ######       1%          1    None
 Corpse Rot               Necr           N/A          1%          2    None
 Sublimation of Blood     Necr           ######....   1%          2    None
 Passwall                 Tmut/Erth      #####...     3%          2    None
 Animate Dead             Necr           N/A          4%          4    None
 Stone Arrow              Conj/Erth      #####.       8%          3    None
 Lee's Rapid Deconstruct  Erth           ######....   9%          5    ###....
 Agony                    Necr           ######..     13%         5    ###....
 Dispel Undead            Necr           ######..     13%         5    ###....
 Apportation              Tloc           ##....       17%         1    None
 Beastly Appendage        Tmut           ##....       17%         1    None
 Confusing Touch          Hex            ##....       17%         1    None
 Corona                   Hex            ##.....      17%         1    None
 Flame Tongue             Conj/Fire      ##...        17%         1    None
 Freeze                   Ice            ##..         17%         1    None
 Magic Dart               Conj           ##..         17%         1    None
 Shock                    Conj/Air       ##..         17%         1    None
 Sting                    Conj/Pois      ##..         17%         1    None
 Summon Butterflies       Summ           ##......     17%         1    None
 Summon Small Mammal      Summ           ##..         17%         1    None
 Leda's Liquefaction      Hex/Erth       #####.....   24%         4    None
 Petrify                  Tmut/Erth      #####...     24%         4    None
 Blink                    Tloc           N/A          26%         2    None
 Call Imp                 Summ           ##......     26%         2    None
 Poisonous Vapours        Pois/Air       ##....       26%         2    None
 Shroud of Golubria       Chrm/Tloc      ##........   26%         2    None
 Slow                     Hex            ##......     26%         2    None
 Sticks to Snakes         Tmut           ##......     26%         2    None
 Swiftness                Chrm/Air       ##......     26%         2    None
 Throw Flame              Conj/Fire      ##....       26%         2    None
 Conjure Flame            Conj/Fire      ##......     45%         3    None
 Gell's Gravitas          Tloc           ##........   45%         3    None
 Ignite Poison            Fire/Tmut/Pois ##......     45%         3    None
 Inner Flame              Hex/Fire       ##......     45%         3    None
 Lesser Beckoning         Tloc           ##........   45%         3    None
 Mephitic Cloud           Conj/Pois/Air  ##......     45%         3    None
 Recall                   Summ/Tloc      N/A          45%         3    None
 Spider Form              Tmut/Pois      ##........   45%         3    None
 Static Discharge         Conj/Air       ##......     45%         3    None
 Teleport Other           Tloc           ##......     45%         3    None
 Death Channel            Necr           ######....   54%         6    #####..
 Bolt of Draining         Conj/Necr      #####.....   58%         5    ###....
 Excruciating Wounds      Chrm/Necr      #####.....   58%         5    ###....
 Bolt of Magma            Conj/Fire/Erth #####.....   75%         5    ###....
 Airstrike                Air            ##........   83%         4    None
 Force Lance              Conj/Tloc      ##......     83%         4    None
 Ice Form                 Ice/Tmut       ##......     83%         4    None
 Olgreb's Toxic Radiance  Pois           ##......     83%         4    None
 Passage of Golubria      Tloc           N/A          83%         4    None
 Sticky Flame             Conj/Fire      ##......     83%         4    None
 Iron Shot                Conj/Erth      #####.....   97%         6    #####..
 Statue Form              Tmut/Erth      #####....    97%         6    #####..
 Simulacrum               Ice/Necr       #####.....   98%         6    #####..
 Blade Hands              Tmut           ##........   99%         5    ###....
 Fireball                 Conj/Fire      ##........   99%         5    ###....
 Irradiate                Conj/Tmut      ##........   99%         5    ###....
 Iskenderun's Battlesphe  Conj/Chrm      ##......     99%         5    ###....
 Summon Forest            Summ/Tloc      ##........   99%         5    ###....
 Venom Bolt               Conj/Pois      ##........   99%         5    ###....
 Yara's Violent Unravell  Hex/Tmut       ##........   99%         5    ###....
 Bolt of Cold             Conj/Ice       ##........   100%        6    #####..
 Darkness                 Hex            ##........   100%        6    #####..
 Deflect Missiles         Chrm/Air       ##........   100%        6    #####..
 Hydra Form               Tmut           ##........   100%        6    #####..
 Invisibility             Hex            ##......     100%        6    #####..
 Dragon Form              Tmut           ##........   100%        7    ######.
 Malign Gateway           Summ/Tloc      ##........   100%        7    ######.
 Orb of Destruction       Conj           ##........   100%        7    ######.
 Spellforged Servitor     Conj/Summ      ##........   100%        7    ######.
 Summon Hydra             Summ           ##........   100%        7    ######.
 Shatter                  Erth           ######....   100%        9    #######


Dungeon Overview and Level Annotations

Branches:
Dungeon (1/1)

Altars:
Ashenzari
Cheibriados
Dithmenos
Elyvilon
Fedhas
Gozag
Hepliaklqana
Kikubaaqudgha
Makhleb
Nemelex Xobeh
Okawaru
Qazlal
Ru
Sif Muna
Trog
Uskayaw
Vehumet
Wu Jian
Xom
Yredelemnul
Zin
The Shining One
Beogh
Jiyva
Lugonu

Annotations:
D Antaeus, Boris, Cerebov, Chuck, Dispater, Ereshkigal, Geryon, Grum, Ignacio, Louise, Maurice, Murray, Nellie, Nergalle, Pikel, Rupert, Sigmund, the Enchantress


Innate Abilities, Weirdness & Mutations

You reflexively headbutt those who attack you in melee.
You have a pair of horns on your head.


Message History

* * * LOW HITPOINT WARNING * * *
Ignacio hits you but does no damage. x2; You writhe in agony.
* * * LOW HITPOINT WARNING * * *
Ignacio hits you but does no damage.
You writhe in agony!
* * * LOW HITPOINT WARNING * * *
Ignacio hits you but does no damage.
You writhe in agony.
* * * LOW HITPOINT WARNING * * *
Ignacio closely misses you. You block Ignacio's attack.
PTOANNNG!
Ignacio hits you but does no damage. You block Ignacio's attack.
PTOANNNG!
Ignacio hits you but does no damage.
You writhe in agony!
* * * LOW HITPOINT WARNING * * *
Louise says, "I'm not feeling very well..."
Ignacio hits you but does no damage. x2; You writhe in agony.
* * * LOW HITPOINT WARNING * * *
Ignacio barely misses you. Ignacio completely misses you.
The Ice Fiend gestures at you. The bolt of cold hits you!! You resist.
You die...

▓...@&&†....... ▓..)..
▓.....C....[... ▓.....
▓....2L...g.....▓..▓..
▓.......@i......▓.▓▓▓)
▓......Wz@..... ▓..▓..
▓.....C........ ▓....)
▓&@o....▓ ▓....) .
▓▓1&...▓▓ .▓▓▓▓▓▓
...▓@V.....▓...▓.....
▓.....1.........▓..[=.
▓.......©.......▓..)})
▓▓▓▓▓▓▓▓▓▓▓▓▓▓▓▓▓....†
▓..... ▓..... ▓....†
▓..... ▓....†


You could see Antaeus, Ereshkigal, Ignacio, Murray, Boris (invisible), Chuck,
Louise, an Ice Fiend, the Enchantress, a jiangshi, a flayed ghost, Nergalle,
Maurice, Grum and Sigmund.

Vanquished Creatures
  the Lernaean hydra (D)
  An acid blob (D)
  2 death cobs (D)
  2 storm dragons (D)
  3 azure jellies (D)
  3 emperor scorpions (D)
  2 ghouls (D)
  A stone giant (D)
  An entropy weaver (D)
  4 vampire knights (D)
  A purple draconian (D)
  A black draconian (D)
  A red draconian (D)
  2 great orbs of eyes (D)
  A death ooze (D)
  3 spriggan air magi (D)
  A hydra (D)
  6 two-headed ogres (D)
  4 dancing weapons (D)
  A vampire mage (D)
  A thrashing horror (D)
  4 deep elf knights (D)
  2 soul eaters (D)
  A skeletal warrior (D)
  A glowing orange brain (D)
  2 deep elf archers (D)
  2 necromancers (D)
  2 wolf spiders (D)
  2 orb spiders (D)
  4 deep elf magi (D)
  A moth of wrath (D)
  2 shining eyes (D)
  3 cyclopes (D)
  2 elephants (D)
  5 draconians (D)
  3 naga magi (D)
  An eye of devastation (D)
  3 demonic crawlers (D)
  A komodo dragon (D)
  2 hornets (D)
  3 trolls (D)
  2 jumping spiders (D)
  4 wind drakes (D)
  A hornet (shapeshifter) (D)
  11 slime creatures (D)
  2 air elementals (D)
  3 redbacks (D)
  A wyvern (D)
  A ynoxinul (D)
  3 water elementals (D)
  2 vampires (D)
  2 shadows (D)
  3 tarantellas (D)
  3 golden eyes (D)
  3 nagas (D)
  3 water moccasins (D)
  2 porcupines (D)
  An orc warrior (D)
  An eye of draining (D)
  4 ogres (D)
  2 phantoms (D)
  A wolf (D)
  4 crocodiles (D)
  A bullfrog (D)
  An earth elemental (D)
  3 wights (D)
  9 jellies (D)
  2 orc priests (D)
  2 iron imps (D)
  2 orc wizards (D)
  Jessica (D)
  An adder (D)
  5 oozes (D)
  A spectral adder (D)
  2 adder skeletons (D)
  2 orcs (D)
  2 bat skeletons (D)
  A bat zombie (D)
  A ball python (D)
  2 giant cockroach zombies (D)
  A jackal zombie (D)
  2 leopard gecko skeletons (D)
  A quokka skeleton (D)
  A spectral giant cockroach (D)
190 creatures vanquished.

Vanquished Creatures (others)
  A deep elf knight (D)
1 creature vanquished.

Grand Total: 191 creatures vanquished

Notes
Turn   | Place    | Note
-------+----------+-------------------------------------------
     0 | D        | Found the +6 Majin-Bo {vamp, Archmagi MP+6 Int+6}
     0 | D        | Found the +7 great mace "Firestarter" {inner flame, rF++}
     0 | D        | wilfster70 the Minotaur Monk began the quest for the Orb.
     0 | D        | Reached XP level 1. HP: 19/19 MP: 0/0
    12 | D        | Found a blossoming altar of Fedhas.
    14 | D        | Found an opulent altar of Gozag.
    14 | D        | Found a hazy altar of Hepliaklqana.
    14 | D        | Found a viscous altar of Jiyva.
    14 | D        | Found a transporter.
    15 | D        | Became a worshipper of Cheibriados the Contemplative
    15 | D        | Reached * piety under Cheibriados
    15 | D        | Reached ** piety under Cheibriados
    17 | D        | Found an ancient bone altar of Kikubaaqudgha.
    19 | D        | Found a corrupted altar of Lugonu.
    21 | D        | Found a burning altar of Makhleb.
    22 | D        | Found an iron altar of Okawaru.
    22 | D        | Found a stormy altar of Qazlal.
    22 | D        | Found a sparkling altar of Nemelex Xobeh.
    22 | D        | Found a sacrificial altar of Ru.
    22 | D        | Found a deep blue altar of Sif Muna.
    27 | D        | Found the +9 heavy crossbow "Sniper" {velocity, Acc+∞ SInv}
    27 | D        | Found the +10 dark maul {crush}
    27 | D        | Found the +15 Maxwell's patent armour {-Cast -Tele rElec
                  | MR+ rCorr}
    27 | D        | Found the +18 shield of the Gong {rElec rN+ MR+ EV-5}
    27 | D        | Found the cursed +14 obsidian axe {chop, +Fly SInv *Curse}
    28 | D        | Found the +6 shillelagh "Devastator" {shatter}
    28 | D        | Found the +11 plutonium sword {*Contam Stlth-}
    28 | D        | Found the +8 lance "Wyrmbane" {slay drac, rPois rF+ rC+
                  | AC+3}
    28 | D        | Found the +9 sword of Zonguldrok {reap}
    28 | D        | Found the cursed +13 scythe of Curses {drain, *Curse}
    28 | D        | Found the +0 sword of Power
    28 | D        | Found the +7 mace of Variability {chain chaos}
    28 | D        | Found the +7 Singing Sword {slice, sonic wave}
    28 | D        | Found the +7 longbow "Piercer" {penet, EV-2}
    38 | D        | Found a bloodstained altar of Trog.
    82 | D        | Entered arena 2.
    82 | D        | Noticed a tarantella
    82 | D        | Noticed a tarantella
    82 | D        | Found a transporter.
   103 | D        | Killed a tarantella
   103 | D        | Reached skill level 5 in Fighting
   103 | D        | Reached skill level 5 in Polearms
   103 | D        | Reached skill level 5 in Dodging
   103 | D        | Reached XP level 2. HP: 5/30 MP: 0/3
   103 | D        | Reached XP level 3. HP: 6/37 MP: 0/4
   103 | D        | Reached XP level 4. HP: 7/44 MP: 0/5
   103 | D        | Reached XP level 5. HP: 8/50 MP: 0/6
   103 | D        | HP: 2/50 [tarantella (6)]
   105 | D        | Killed a tarantella
   105 | D        | Reached skill level 6 in Fighting
   105 | D        | Reached skill level 5 in Armour
   105 | D        | Reached skill level 5 in Shields
   105 | D        | Reached XP level 6. HP: 24/58 MP: 0/8
   286 | D        | Entered arena 3.
   286 | D        | Noticed a two-headed ogre
   286 | D        | Noticed a two-headed ogre
   286 | D        | Found a transporter.
   293 | D        | Killed a two-headed ogre
   293 | D        | Reached *** piety under Cheibriados
   293 | D        | Reached skill level 8 in Fighting
   293 | D        | Reached skill level 5 in Evocations
   293 | D        | Reached XP level 7. HP: 48/69 MP: 8/10
   296 | D        | Killed a two-headed ogre
   296 | D        | Reached skill level 9 in Fighting
   296 | D        | Reached XP level 8. HP: 33/79 MP: 8/12
   491 | D        | Entered arena 4.
   491 | D        | Noticed a draconian
   491 | D        | Noticed a draconian
   491 | D        | Noticed a death cob
   491 | D        | Noticed a draconian
   491 | D        | Found a transporter.
   502 | D        | Killed a death cob
   502 | D        | Reached **** piety under Cheibriados
   502 | D        | Reached skill level 11 in Fighting
   502 | D        | Reached skill level 10 in Polearms
   502 | D        | Reached skill level 10 in Armour
   502 | D        | Reached skill level 10 in Dodging
   502 | D        | Reached skill level 10 in Shields
   502 | D        | Reached XP level 9. HP: 77/89 MP: 12/14
   505 | D        | Killed a draconian
   512 | D        | Killed a draconian
   512 | D        | Reached ***** piety under Cheibriados
   512 | D        | Reached XP level 10. HP: 82/96 MP: 13/15
   517 | D        | Killed a draconian
   563 | D        | Entered arena 5.
   563 | D        | Noticed a thrashing horror
   563 | D        | Found a transporter.
   564 | D        | Found the +8 whip "Snakebite" {curare, rPois}
   564 | D        | Killed a thrashing horror
   629 | D        | Entered arena 6.
   629 | D        | Found a transporter.
   630 | D        | Reached skill level 12 in Fighting
   654 | D        | Entered arena 7.
   654 | D        | Noticed a black draconian
   654 | D        | Noticed a draconian
   654 | D        | Noticed a draconian
   654 | D        | Noticed a red draconian
   654 | D        | Noticed a purple draconian
   654 | D        | Noticed a death cob
   657 | D        | Killed a death cob
   658 | D        | Found a transporter.
   667 | D        | Killed a purple draconian
   668 | D        | Killed a draconian
   668 | D        | Reached skill level 13 in Fighting
   668 | D        | Reached XP level 11. HP: 53/107 MP: 6/17
   672 | D        | Killed a black draconian
   672 | D        | Reached ****** piety under Cheibriados
   672 | D        | Reached skill level 10 in Evocations
   678 | D        | Killed a red draconian
   869 | D        | Got the amulet "Adaomn" {RegenMP -Tele MR+ SInv Stlth+}
   873 | D        | Reached XP level 12. HP: 116/116 MP: 18/18
   877 | D        | Entered arena 8.
   879 | D        | Found a transporter.
   894 | D        | Got the Collected Works on Transmigration and Poison
   906 | D        | Entered arena 9.
   907 | D        | Found a transporter.
   930 | D        | Got the Compendium of the Lucky Frostbite
   933 | D        | Entered arena 10.
   934 | D        | Reached skill level 14 in Fighting
   936 | D        | Found a transporter.
   968 | D        | Entered arena 11.
   969 | D        | Found the ring of the Mage {Wiz MR++ Int+3}
   971 | D        | Found a transporter.
   979 | D        | Reached skill level 15 in Shields
   995 | D        | Got the ring of the Heavens {rElec MP+9}
  1034 | D        | Entered arena 12.
  1034 | D        | Noticed a ghoul
  1038 | D        | Found a transporter.
  1050 | D        | Reached skill level 15 in Fighting
  1059 | D        | Killed a ghoul
  1067 | D        | Learned a level 5 spell: Borgnjor's Vile Clutch
  1071 | D        | Got the Papyrus of Unstable Feathers
  1078 | D        | Got the ring "Uceig" {+Blink MP+9 Int+3 Dex+3 Stlth+}
  1190 | D        | Entered arena 13.
  1190 | D        | Noticed a spriggan air mage
  1190 | D        | Noticed a spriggan air mage
  1190 | D        | Noticed a storm dragon
  1190 | D        | Noticed a storm dragon
  1191 | D        | Noticed a spriggan air mage
  1192 | D        | Killed a spriggan air mage
  1192 | D        | Reached XP level 13. HP: 100/127 MP: 20/20
  1192 | D        | Reached skill level 15 in Armour
  1193 | D        | Reached skill level 16 in Fighting
  1194 | D        | Found a transporter.
  1197 | D        | Killed a storm dragon
  1197 | D        | Reached skill level 15 in Dodging
  1199 | D        | Killed a storm dragon
  1294 | D        | Entered arena 14.
  1296 | D        | Identified the cursed +1 quarterstaff "Gonuwud" {crush,
                  | Dex+3}
  1297 | D        | Reached skill level 17 in Fighting
  1300 | D        | Found a transporter.
  1301 | D        | Reached skill level 18 in Fighting
  1312 | D        | Got the Guide on Mutagenic Dislocation
  1338 | D        | Entered arena 15.
  1339 | D        | Noticed an acid blob
  1344 | D        | Killed an acid blob
  1344 | D        | Reached skill level 19 in Fighting
  1344 | D        | Reached skill level 15 in Evocations
  1345 | D        | Found a transporter.
  1363 | D        | Got Qiaklople's Disquisition on Mutagenic Poisoning
  1430 | D        | Entered arena 16.
  1431 | D        | Noticed a stone giant
  1434 | D        | Reached skill level 1 in Earth Magic
  1434 | D        | Reached skill level 1 in Necromancy
  1444 | D        | Killed a stone giant
  1444 | D        | Reached skill level 20 in Fighting
  1448 | D        | Reached XP level 14. HP: 115/148 MP: 21/24
  1452 | D        | Found a transporter.
  1488 | D        | Entered arena 17.
  1499 | D        | Reached skill level 5 in Spellcasting
  1509 | D        | Found a transporter.
  1526 | D        | Got the cursed ring "Wesosur" {rC++ Str-4 Int-2 Dex+3
                  | Slay+3}
  1534 | D        | Entered arena 18.
  1534 | D        | Noticed a vampire knight
  1534 | D        | Identified the +2 chain mail of the Turtledove {rF- rCorr
                  | Stlth+}
  1541 | D        | Noticed a ghoul
  1541 | D        | Noticed a vampire knight
  1542 | D        | Noticed a vampire knight
  1542 | D        | Noticed a vampire knight
  1546 | D        | Reached skill level 5 in Earth Magic
  1548 | D        | Killed a vampire knight
  1553 | D        | Killed a vampire knight
  1553 | D        | Reached skill level 5 in Necromancy
  1554 | D        | Killed a vampire knight
  1554 | D        | Killed a vampire knight
  1560 | D        | Killed a ghoul
  1565 | D        | Found a transporter.
  1571 | D        | Got Spellweaving, Part One
  1626 | D        | Entered arena 19.
  1629 | D        | Noticed an entropy weaver
  1629 | D        | Noticed an emperor scorpion
  1629 | D        | Noticed an emperor scorpion
  1630 | D        | Found the +7 sceptre of Torment {pain, torment}
  1630 | D        | Reached skill level 21 in Fighting
  1630 | D        | Noticed an emperor scorpion
  1632 | D        | Killed an entropy weaver
  1645 | D        | Killed an emperor scorpion
  1664 | D        | Killed an emperor scorpion
  1677 | D        | Killed an emperor scorpion
  1679 | D        | Found a transporter.
  1714 | D        | Entered arena 20.
  1719 | D        | Noticed an azure jelly
  1719 | D        | Noticed an azure jelly
  1722 | D        | Killed an azure jelly
  1722 | D        | Killed an azure jelly
  1724 | D        | Noticed an azure jelly
  1727 | D        | Found a transporter.
  1729 | D        | Reached skill level 22 in Fighting
  1731 | D        | Killed an azure jelly
  1734 | D        | Reached XP level 15. HP: 129/160 MP: 1/26
  1755 | D        | Got the Catalogue of Unholy Arts
  1760 | D        | Got the ring "Idwyih" {Ice *Slow Dex+2 SInv}
  1763 | D        | Got the ring of Zoommecw {*Contam rElec EV+2 SInv Stlth+}
  1797 | D        | Entered arena 21.
  1801 | D        | Identified the +4 staff of Dispater
  1801 | D        | Noticed Dispater
  1801 | D        | Noticed Ignacio
  1801 | D        | Noticed Ereshkigal
  1801 | D        | Noticed Pikel
  1801 | D        | Noticed Jessica
  1801 | D        | Noticed the 27-headed Lernaean hydra
  1801 | D        | Noticed Sigmund
  1801 | D        | Noticed Nergalle
  1801 | D        | Noticed Murray
  1802 | D        | Noticed Chuck
  1802 | D        | Noticed Maurice
  1802 | D        | Noticed Geryon
  1802 | D        | Noticed Louise
  1802 | D        | Noticed Nellie
  1803 | D        | Noticed Grum
  1804 | D        | Killed Jessica
  1804 | D        | Killed the 27-headed Lernaean hydra
  1804 | D        | Identified the +6 sword of Cerebov {flame}
  1804 | D        | Noticed Cerebov
  1804 | D        | Noticed Boris
  1804 | D        | Noticed Antaeus
  1805 | D        | Noticed Rupert
  1805 | D        | Identified the +6 faerie dragon scales {MR- Regen+ rCorr
                  | Str-5 Dex+8}
  1805 | D        | Noticed the Enchantress
  1806 | D        | Noticed an Ice Fiend
  1806 | D        | Killed from afar by an Ice Fiend

Skill      XL: |  1  2  3  4  5  6  7  8  9 10 11 12 13 14 |
---------------+-------------------------------------------+-----
Fighting       | 5 6 8 9 11 13 15 20 22 | 22.3
Polearms       | 5 6 8 9 10 11 12 | 12.3
Armour         | 4 5 7 8 10 12 13 14 15 | 15.0
Dodging        | 5 6 7 8 10 12 14 15 | 15.1
Shields        | 4 5 7 8 10 12 13 15 | 15.0
Invocations    | 3 4 6 7 8 9 |  9.1
Evocations     | 3 4 5 6 7 8 9 10 11 15 17 | 17.8
Spellcasting   | 3 4 8 |  8.8
Earth Magic    | 3 9 |  9.6
Necromancy     | 3 8 |  8.8
Stealth        | |  1.5

Action                   |  1- 3 |  4- 6 |  7- 9 | 10-12 | 13-15 || total
-------------------------+-------+-------+-------+-------+-------++-------
Melee: Lance             |     8 |     6 |    25 |    79 |   115 ||   233
       Headbutt          |     2 |     3 |     5 |    28 |    38 ||    76
Invok: Slouch            |       |       |       |    13 |    30 ||    43
Evoke: Phantom mirror    |       |       |       |       |     1 ||     1
  Use: Potion            |     4 |     1 |       |     1 |       ||     6
       Scroll            |       |       |       |       |     4 ||     4
  Eat: Chunk             |       |       |       |     1 |     5 ||     6
Armor: Gold dragon scale |    45 |     4 |     7 |     7 |    65 ||   128
Dodge: Dodged            |     1 |     1 |     1 |    14 |    45 ||    62
Block: Shield            |       |     8 |    38 |    79 |   242 ||   367
